 Dungeon Crawl Stone Soup version 0.30-a0-390-g80c34de65d (webtiles) character file.

Game seed: 15728286598337891339

289 Bnni the Poker (level 6, -6/50 HPs)
             Began as a Formicid Fighter on Dec 4, 2022.
             Killed by divine providence
             ... invoked by an orc priest
              (10 damage)
             ... on level 3 of the Dungeon.
             The game lasted 00:02:58 (2165 turns).

Bnni the Poker (Formicid Fighter)                   Turns: 2165, Time: 00:02:59

Health: -6/50      AC: 12    Str: 23    XL:     6   Next: 58%
Magic:  6/6        EV:  6    Int:  7    God:
Gold:   98         SH:  5    Dex: 13    Spells: 5/5 levels left

rFire   . . .      SeeInvis +    a - +0 trident
rCold   + . .      Faith    .    c - +0 buckler
rNeg    . . .      Spirit   .    o - +0 plate armour
rPois   .          Reflect  .    (helmet unavailable)
rElec   .          Harm     .    l - +0 cloak
rCorr   .          Rampage  .    (no gloves)
Will    .....                    (no boots)
Stlth   ..........               (no amulet)
HPRegen 0.28/turn                s - ring of protection from cold
MPRegen 0.10/turn                (no ring)

@: no status effects
A: permanent stasis, dig shafts and tunnels, antennae 3, four strong arms
a: Dig, Shaft Self


You were on level 3 of the Dungeon.
You visited 1 branch of the dungeon, and saw 3 of its levels.

You collected 98 gold pieces.

Inventory:

Hand Weapons
 a - a +0 trident (weapon)
Missiles
 h - 4 poisoned darts
 i - 4 boomerangs
Armour
 c - a +0 buckler (worn)
 l - a +0 cloak (worn)
 o - a +0 plate armour (worn)
Jewellery
 s - a ring of protection from cold (left hand)
Wands
 q - a wand of mindburst (20)
Scrolls
 b - a scroll of identify {unknown}
 g - a scroll of amnesia {unknown}
 j - 4 scrolls of teleportation {unknown}
 k - a scroll of enchant armour {unknown}
 m - a scroll of fog {unknown}
 r - a scroll of vulnerability {unknown}
Potions
 d - 2 potions of might
 e - a potion of mutation {unknown}
 f - a potion of lignification {unknown}
 n - 3 potions of degeneration {unknown}
 p - a potion of curing {unknown}


   Skills:
 + Level 4.8 Fighting
 * Level 5.1 Polearms
 - Level 3.2 Armour
 - Level 5.0 Shields


You had 5 spell levels left.
You didn't know any spells.
Your spell library was empty.

Dungeon Overview and Level Annotations

Branches:
Dungeon (3/15)

Altars:
Dithmenos


Innate Abilities, Weirdness & Mutations

You cannot be hasted, slowed, berserked, paralysed or teleported.
You can dig through walls and to a lower floor.
You have a pair of large antennae on your head. (SInv)
Your four strong arms can wield two-handed weapons with a shield.


Message History

The orc priest casts a cantrip, but nothing happens.
You block the orc's attack.
Reach: a) +0 trident
Press: ? - help, Dir - move target, f/p - orc priest
Aim: an orc priest, wielding a +0 dagger and wearing a +0 leather armour (about 40% to evade your +0 trident)
You reach to attack!
You hit the orc priest but do no damage.
The orc priest calls down the wrath of Beogh upon you.
Beogh smites you!
* * * LOW HITPOINT WARNING * * *
You block the orc's attack.
You hit the orc.
You kill the orc!
You hit the orc priest but do no damage.
The orc priest hits you but does no damage.
The orc priest looks encouraged for a moment.
You barely miss the orc priest.
The orc priest hits you but does no damage.
You barely miss the orc priest.
The orc priest hits you but does no damage.
You barely miss the orc priest.
The orc priest invokes the aid of Beogh against you.
You struggle to resist.
You barely miss the orc priest.
The orc priest hits you but does no damage.
The orc priest looks braver for a moment.
You closely miss the orc priest.
The orc priest hits you but does no damage.
The orc priest looks braver for a moment.
You hit the orc priest.
The orc priest is lightly wounded.
The orc priest barely misses you.
You hit the orc priest.
The orc priest is heavily wounded.
You block the orc priest's attack.
You hit the orc priest.
The orc priest is heavily wounded.
The orc priest calls down the wrath of Beogh upon you.
Beogh smites you!
You die...

...........'........
#######.####........
#..........#......#.
#.##..####.#......#.
.#......#........#.
#......†......#####.
###.#..†...##.# #.
#.#..###.##.. #. . #
#@#....#.###### #.
....#.#o#.##.#......# ..
.......o.......†....####
....####............##.#
.. ##....###.......#
#...##.....###.#
#####..##...##.#
#....##..##.#
#..._.#...#.#


You could see 2 orc priests.

Vanquished Creatures
  2 orc priests (D:3)
  Natasha (thrice) (D:2)
  Robin (D:2)
  8 adders
  A dart slug (D:2)
  3 orcs (D:3)
  4 ball pythons
  5 endoplasms
  A giant cockroach (D:3)
  11 goblins
  11 hobgoblins
  6 kobolds
  4 quokkas
  3 bats
  3 frilled lizards
  6 rats
72 creatures vanquished.

Notes
Turn   | Place    | Note
-------+----------+-------------------------------------------
     0 | D:1      | Bnni the Formicid Fighter began the quest for the Orb.
     0 | D:1      | Reached XP level 1. HP: 18/18 MP: 1/1
   311 | D:1      | Reached XP level 2. HP: 24/24 MP: 2/2
   796 | D:1      | Reached XP level 3. HP: 29/29 MP: 3/3
  1142 | D:2      | Found a faded altar of an unknown god.
  1191 | D:2      | Reached skill level 5 in Shields
  1191 | D:2      | Reached XP level 4. HP: 27/37 MP: 4/4
  1400 | D:2      | Noticed Natasha
  1411 | D:2      | Killed Natasha
  1412 | D:2      | Reached XP level 5. HP: 30/42 MP: 5/5
  1453 | D:2      | Noticed Natasha
  1465 | D:2      | Killed Natasha
  1551 | D:2      | Noticed Robin
  1623 | D:2      | Killed Robin
  1767 | D:2      | Noticed Natasha
  1773 | D:2      | Killed Natasha
  1906 | D:3      | Reached XP level 6. HP: 48/48 MP: 6/6
  2008 | D:3      | Found a shadowy altar of Dithmenos.
  2151 | D:3      | Reached skill level 5 in Polearms
  2155 | D:3      | HP: 1/50 [orc priest/divine providence (14)]
  2165 | D:3      | Killed from afar by an orc priest

Illustrated notes

Levels and vault maps discovered:
D:1:      dpeg_arrival_stone_temple_mockup, layout_basic
D:2:      layout_basic, hellmonk_ecumenical_altar_run_dry, uniq_robin,
          uniq_natasha
D:3:      cheibrodos_thug_alley, layout_basic,
          nicolae_dithmenos_through_a_glass_darkly, minivault_23

Skill      XL: |  1  2  3  4  5  6 |
---------------+-------------------+-----
Polearms       | 3 4 5 |  5.1
Shields        | 5 |  5.0
Fighting       | 4 |  4.8
Armour         | |  3.2

Action                   |  1- 3 |  4- 6 || total
-------------------------+-------+-------++-------
Melee: Trident           |   101 |   174 ||   275
 Abil: Dig               |       |     1 ||     1
Armor: Scale mail        |    38 |    23 ||    61
       Plate armour      |       |    79 ||    79
Dodge: Dodged            |    40 |    58 ||    98
Block: Buckler           |    25 |    40 ||    65

Table legend: (Time is in decaauts)
 A = Elapsed time spent in this place.
 B = Non-inter-level travel time spent in this place.
 C = Inter-level travel time spent in this place.
 D = Time resting spent in this place.
 E = Time spent auto-exploring this place.
 F = Levels seen in this place.
 G = Mean time per level.
                   A        B        C        D        E       F      G
               +--------+--------+--------+--------+--------+-----+--------+
         Total |   2206 |   2101 |    105 |    130 |   1447 |   3 |  735.3 |
       Dungeon |   2206 |   2101 |    105 |    130 |   1447 |   3 |  735.3 |
               +--------+--------+--------+--------+--------+-----+--------+

Top non-repeatable levels by time:
     D:1: 957 daAuts
     D:2: 901 daAuts
     D:3: 347 daAuts
